 Dungeon Crawl Stone Soup version 0.28-a0-1389-gc726bef33b (webtiles) character file.

Game seed: 16988380020728515928

3925 Destapler the Covert (level 10, -8/51 HPs)
             Began as a Vine Stalker Brigand on Jan 2, 2022.
             Was a High Priest of Cheibriados.
             Shot with a sling bullet by Joseph (9 damage)
             ... on level 8 of the Dungeon on Jan 3, 2022.
             The game lasted 00:31:34 (6144 turns).

Destapler the Covert (Vine Stalker Brigand)         Turns: 6144, Time: 00:31:35

Health: -8/51      AC: 10    Str: 28    XL:     10   Next: 20%
Magic:  0/4        EV: 16    Int: 24    God:    Cheibriados [*****.]
Gold:   417        SH:  0    Dex: 40    Spells: 13/13 levels left

rFire   . . .      SeeInvis .   a - +11 hand axe of Unpleasantness {antimagic, Fragile rElec rPois Dex+8}
rCold   . . .      Faith    .   (no shield)
rNeg    . . .      Spirit   +   o - +0 leather armour
rPois   +          Reflect  +   B - +0 helmet
rElec   +          Harm     .   c - +0 cloak
rCorr   +          Rampage  .   i - +0 pair of gloves
Will    ++...                   (no boots)
Stlth   ++........              g - amulet of reflection
HPRegen 0.97/turn               x - +4 ring of protection
MPRegen 0.09/turn               D - ring of resist corrosion

@: confused, brilliant, ambrosia-drunk, very slow
A: fangs 3, regeneration 1, magic shield, antimagic bite, no potion heal 2,
strong-willed 1, MP-powered wands
a: Renounce Religion, Bend Time, Temporal Distortion, Slouch, Step From Time


You were on level 8 of the Dungeon.
You worshipped Cheibriados.
Cheibriados was extremely pleased with you.
You visited 1 branch of the dungeon, and saw 8 of its levels.

You collected 417 gold pieces.

Inventory:

Hand Weapons
 a - the +11 hand axe of Unpleasantness (weapon) {antimagic, Fragile rElec rPois Dex+8}
   (You found it on level 3 of the Dungeon)

   It reduces the magical energy of the wielder, and disrupts the spells and
   magical abilities of those it strikes.
   Natural abilities and divine invocations are not affected.
   Dex:       It affects your dexterity (+8).
   rElec:     It insulates you from electricity.
   rPois:     It protects you from poison.
   Fragile:   It will be destroyed if unequipped.
Missiles
 d - 37 poisoned darts (quivered)
 e - 2 curare-tipped darts
 l - 2 throwing nets
 v - 6 boomerangs
 z - 2 atropa-tipped darts
 G - 4 javelins
Armour
 b - a +0 robe
 c - a +0 cloak (worn)
 i - a +0 pair of gloves (worn)
 o - a +0 leather armour (worn)
 B - a +0 helmet (worn)
Jewellery
 g - an amulet of reflection (around neck)
 x - a +4 ring of protection (left hand)
 A - a +6 ring of intelligence
 D - a ring of resist corrosion (right hand)
Wands
 s - a wand of charming (9)
Scrolls
 j - 6 scrolls of identify
 p - 2 scrolls of fog {unknown}
 r - a scroll of brand weapon {unknown}
 t - a scroll of noise {unknown}
 u - 7 scrolls of teleportation {unknown}
 w - 2 scrolls of magic mapping {unknown}
 y - 2 scrolls of torment {unknown}
 C - a scroll of enchant weapon {unknown}
 E - a scroll of summoning {unknown}
 I - a scroll of amnesia {unknown}
Potions
 f - 4 potions of mutation
 h - 2 potions of resistance
 k - a potion of attraction
 H - a potion of brilliance


   Skills:
 + Level 5.1 Fighting
 - Level 2.2 Short Blades
 + Level 7.1 Axes
 - Level 3.0 Throwing
 + Level 0.8 Armour
 + Level 3.1 Dodging
 + Level 9.9 Stealth
 - Level 2.0 Spellcasting
 + Level 5.1 Invocations
 - Level 3.0 Evocations


You had 13 spell levels left.
You didn't know any spells.
Your spell library contained the following spells:

 Spells                   Type           Power      Damage    Failure   Level
 Animate Skeleton         Necr           6%         N/A       13%         1
 Summon Small Mammal      Summ           12%        N/A       13%         1
 Ensorcelled Hibernation  Hex/Ice        6%         N/A       21%         2
 Call Canine Familiar     Summ           3%         N/A       36%         3
 Dazzling Flash           Conj/Hex       6%         N/A       36%         3
 Ignite Poison            Fire/Tmut/Pois 3%         N/A       36%         3
 Mephitic Cloud           Conj/Pois/Air  3%         N/A       36%         3
 Spider Form              Tmut/Pois      3%         N/A       36%         3
 Summon Guardian Golem    Hex/Summ       3%         N/A       36%         3
 Iskenderun's Mystic Bla  Conj/Tloc      3%         2d3       78%         4
 Freezing Cloud           Conj/Ice/Air   1%         6-21      98%         5
 Starburst                Conj/Fire      1%         6d3       100%        6


Dungeon Overview and Level Annotations

Branches:
Dungeon (8/15)             Temple (0/1) D:4
   Lair: D:8-11

Altars:
Cheibriados
Nemelex Xobeh
Qazlal
Sif Muna
Wu Jian
The Shining One

Annotations:
D:8 Joseph


Innate Abilities, Weirdness & Mutations

You have razor-sharp teeth.
Your natural rate of healing is unusually fast.
When hurt, damage is shared between your health and your magic reserves.
Your bite disrupts and absorbs the magic of your enemies.
Potions cannot restore your health.
You are strong-willed. (Will+)
You expend magic power (3 MP) to strengthen your wands.


Message History

Joseph shouts, "At last, some action!"
You see here a +0 ring mail.
Throw: 37 darts (poison)
Press: ? - help, Q - select action, (/) - cycle Shift-Dir - straight line, f - you
Okay, then.
Joseph drinks a potion.
Joseph seems to grow stronger.
Joseph unwields a +0 quarterstaff.
Joseph wields a +0 hunting sling.
Joseph shoots a sling bullet.
The sling bullet hits you!
Joseph unwields a +0 hunting sling.
Joseph wields a +0 quarterstaff.
You block Joseph's attack.
You slash Joseph! Your bite misses Joseph.
Joseph is lightly wounded.
Joseph hits you with a +0 quarterstaff!!
You closely miss Joseph. You bite Joseph. You drain his power.
You feel invigorated.
Joseph is moderately wounded.
Joseph completely misses you.
You slash Joseph! You bite Joseph. You drain his power.
Joseph is heavily wounded.
Joseph hits you with a +0 quarterstaff!
* * * LOW HITPOINT WARNING * * *
You are confused.
Your system rejects the healing.
You feel invigorated. Joseph closely misses you.
You bump into the translucent rock wall.
Joseph hits you with a +0 quarterstaff!
* * * LOW HITPOINT WARNING * * *
You bump into the translucent rock wall.
Joseph hits you with a +0 quarterstaff!
* * * LOW HITPOINT WARNING * * *
It was a potion of brilliance.
You feel clever all of a sudden. Joseph closely misses you.
It was a potion of heal wounds.
That seemed strangely inert.
Joseph barely misses you.
Joseph unwields a +0 quarterstaff.
Joseph wields a +0 hunting sling.
Joseph shoots a sling bullet.
The sling bullet hits you!
* * * LOW HITPOINT WARNING * * *
Joseph shoots a sling bullet.
The sling bullet hits you!
You die...

###...#.## #.## #
###....### #..#
#######....## ##.##
........##..# #(.#
..####..###.#############.#
#..# #..###.#...........#.#
##.###...##.#...........'.#
##........###..########.###
.######.....#..#@..[....#
.# #....##..#.#####..# ##
###..##..#@#$..#..#
#####..#.###.#..#
#..#.###.#..# #..#.....#..#
#..#######:.# #...........#
#...........


You could see Joseph (strong).

Vanquished Creatures
  Grinder (D:4)
  Eustachio (D:6)
  The ghost of fritzmikael the Chucker, an amateur MiHu (D:4)
  A wyvern (D:8)
  2 water moccasins (D:7)
  2 orc warriors (D:8)
  5 ogres
  4 ice beasts
  2 phantoms
  A kobold brigand (D:8)
  3 bullfrogs
  3 scorpions
  A gnoll sergeant (D:8)
  A wyvern skeleton (D:4)
  5 killer bees (D:7)
  4 wights (D:6)
  2 howler monkeys
  Crazy Yiuf (D:4)
  A bullfrog zombie (D:6)
  2 jellies
  3 orc priests
  3 hounds
  2 bullfrog skeletons (D:5)
  2 centaur skeletons
  11 orc wizards
  A hound skeleton (D:5)
  9 gnolls
  5 adders
  2 ufetubi (D:4)
  2 worms
  A dart slug (D:5)
  26 orcs
  3 endoplasms
  2 giant cockroaches
  7 goblins
  4 hobgoblins
  2 quokkas
  5 ball pythons
  2 bats (D:3)
  5 frilled lizards
  11 kobolds
  6 rats
157 creatures vanquished.

Notes
Turn   | Place    | Note
-------+----------+-------------------------------------------
     0 | D:1      | Destapler the Vine Stalker Brigand began the quest for the
                  | Orb.
     0 | D:1      | Reached XP level 1. HP: 11/11 MP: 2/2
    89 | D:1      | Found a faded altar of an unknown god.
    98 | D:1      | Got Plato's Compendium of Necromancy
    99 | D:1      | Prayed at the altar of an unknown god.
    99 | D:1      | Became a worshipper of Cheibriados the Contemplative
    99 | D:1      | Reached * piety under Cheibriados
   321 | D:1      | Reached skill level 1 in Dodging
   321 | D:1      | Reached XP level 2. HP: 15/15 MP: 3/3
   399 | D:1      | Reached skill level 5 in Stealth
   669 | D:2      | Reached XP level 3. HP: 18/18 MP: 4/4
   858 | D:2      | Reached ** piety under Cheibriados
  1205 | D:3      | Upgraded the game from 0.28-a0-1387-g3a22ab9bdc to
                  | 0.28-a0-1389-gc726bef33b
  1232 | D:3      | Reached skill level 1 in Spellcasting
  1365 | D:3      | Identified the +11 hand axe of Unpleasantness {antimagic,
                  | Fragile rElec rPois Dex+8}
  1408 | D:3      | Reached skill level 1 in Invocations
  1408 | D:3      | Gained mutation: Your natural rate of healing is unusually
                  | fast. [Vine Stalker growth]
  1408 | D:3      | Reached XP level 4. HP: 20/23 MP: 2/6
  2029 | D:4      | Reached skill level 1 in Axes
  2029 | D:4      | Reached XP level 5. HP: 25/27 MP: 2/8
  2076 | D:4      | Noticed an ogre
  2081 | D:4      | Killed an ogre
  2082 | D:4      | Reached XP level 6. HP: 32/32 MP: 2/10
  2226 | D:4      | Found a transporter.
  2249 | D:4      | Noticed fritzmikael's ghost (amateur MiHu)
  2254 | D:4      | Found a transporter.
  2281 | D:4      | Found a staircase to the Ecumenical Temple.
  2316 | D:4      | Reached *** piety under Cheibriados
  2323 | D:4      | Noticed an ice beast
  2329 | D:4      | Gained mutation: You are strong-willed. (Will+) [potion of
                  | mutation]
  2329 | D:4      | Gained mutation: You expend magic power (3 MP) to
                  | strengthen your wands. [potion of mutation]
  2335 | D:4      | Killed an ice beast
  2336 | D:4      | Reached XP level 7. HP: 4/36 MP: 2/11
  2401 | D:4      | Found a runed translucent door.
  2402 | D:4      | Noticed Crazy Yiuf
  2477 | D:4      | Noticed Grinder
  2500 | D:4      | Killed Grinder
  2501 | D:4      | Reached skill level 1 in Evocations
  2636 | D:4      | Killed Crazy Yiuf
  2664 | D:5      | Entered Level 5 of the Dungeon
  2671 | D:5      | Found an ornate altar of the Wu Jian Council.
  2762 | D:5      | Found a shimmering blue altar of Sif Muna.
  2941 | D:5      | Gained mutation: You have razor-sharp teeth. [Vine Stalker
                  | growth]
  2941 | D:5      | Reached XP level 8. HP: 40/40 MP: 4/12
  3110 | D:5      | Reached skill level 6 in Stealth
  3205 | D:5      | You fall into a shaft and drop 3 floors!
  3205 | D:8      | Found a glowing golden altar of the Shining One.
  3317 | D:6      | Noticed Eustachio
  3325 | D:6      | Killed Eustachio
  3326 | D:6      | Reached **** piety under Cheibriados
  3417 | D:6      | Reached XP level 9. HP: 45/45 MP: 4/13
  3560 | D:5      | Reached skill level 5 in Axes
  3695 | D:5      | Reached skill level 7 in Stealth
  3894 | D:6      | Found a sparkling altar of Nemelex Xobeh.
  4790 | D:7      | Reached ***** piety under Cheibriados
  5065 | D:7      | Reached skill level 5 in Fighting
  5065 | D:7      | Reached skill level 8 in Stealth
  5065 | D:7      | Reached skill level 5 in Invocations
  5477 | D:8      | Reached skill level 9 in Stealth
  5477 | D:8      | Reached XP level 10. HP: 27/51 MP: 4/14
  5582 | D:8      | Found a stormy altar of Qazlal.
  5934 | D:4      | Killed fritzmikael's ghost
  6124 | D:8      | Noticed Joseph
  6144 | D:8      | HP: 1/51 [Joseph/sling bullet (6)]
  6144 | D:8      | Shot with a sling bullet by Joseph

Illustrated notes

Levels and vault maps discovered:
D:1:      roderic_crop_circles_arrival_small, layout_loops_ring,
          shapermc_ecumenical_altar_rom_forum
D:2:      layout_rooms
D:3:      layout_loops_ring, corexii_shack
D:4:      layout_rooms, minmay_temple_entry_statues_pillars,
          gammafunk_ghost_smash, uniq_grinder, uniq_crazy_yiuf_cottage
D:5:      layout_loops_ring, hangedman_feature_mirror
D:6:      layout_cave_pods, mainiacjoe_overflow_small_starburst, uniq_eustachio
D:7:      layout_basic
D:8:      layout_rooms, tso_metal_star, marbit_many_paths, minmay_statues_item,
          kennysheep_small_spiral, uniq_joseph

Skill      XL: |  1  2  3  4  5  6  7  8  9 |
---------------+----------------------------+-----
Dodging        | 1 2 3 |  3.1
Throwing       | 2 3 |  3.0
Stealth        | 5 6 9 |  9.9
Fighting       | 2 3 4 5 |  5.1
Short Blades   | 2 |  2.2
Spellcasting   | 1 2 |  2.0
Invocations    | 1 2 3 4 5 |  5.1
Axes           | 1 2 3 4 7 |  7.1
Evocations     | 1 2 3 |  3.0
Armour         | |  0.8

Action                   |  1- 3 |  4- 6 |  7- 9 | 10-12 || total
-------------------------+-------+-------+-------+-------++-------
Melee: Dagger            |    41 |       |       |       ||    41
       Bite              |    16 |    21 |    85 |    12 ||   134
       Hand axe          |     5 |    49 |   157 |    28 ||   239
Throw: Dart              |    35 |    12 |    48 |     5 ||   100
       Boomerang         |       |       |     2 |       ||     2
  Use: Potion            |       |     1 |       |     3 ||     4
       Scroll            |       |       |     5 |       ||     5
 Stab: Sleeping          |     8 |     6 |     9 |     3 ||    26
Armor: Robe              |     4 |    17 |     4 |       ||    25
       Leather armour    |       |       |    42 |     6 ||    48
Dodge: Dodged            |    18 |    42 |   128 |    13 ||   201
Block: Other             |       |       |       |     1 ||     1

Table legend: (Time is in decaauts)
 A = Elapsed time spent in this place.
 B = Non-inter-level travel time spent in this place.
 C = Inter-level travel time spent in this place.
 D = Time resting spent in this place.
 E = Time spent auto-exploring this place.
 F = Levels seen in this place.
 G = Mean time per level.
                   A        B        C        D        E       F      G
               +--------+--------+--------+--------+--------+-----+--------+
         Total |   9228 |   8552 |    676 |    287 |   6719 |   8 | 1153.5 |
       Dungeon |   9228 |   8552 |    676 |    287 |   6719 |   8 | 1153.5 |
               +--------+--------+--------+--------+--------+-----+--------+

Top non-repeatable levels by time:
     D:6: 1589 daAuts
     D:5: 1429 daAuts
     D:7: 1371 daAuts
     D:3: 1135 daAuts
     D:8: 1057 daAuts
     D:4: 1051 daAuts
     D:2: 837 daAuts
     D:1: 754 daAuts
